 Dungeon Crawl Stone Soup version 0.20.0-10-g0535bb4 (webtiles) character file.

51156 nikopol the Archer (level 14, -9/195 HPs)
             Began as a Minotaur Berserker on June 5, 2017.
             Was the Champion of Trog.
             Mangled by a hog (13 damage)
             ... led by Kirke
             ... on level 4 of the Lair of Beasts.
             The game lasted 00:58:08 (21778 turns).

nikopol the Archer (Minotaur Berserker)            Turns: 21778, Time: 00:58:08

Health: -9/195     AC:  0    Str: 28    XL:     14   Next: 22%
Magic:  13/13      EV: 17    Int:  4    God:    Trog [******]
Gold:   1060       SH:  0    Dex: 14    Spells: 13/13 levels left

rFire    . . .     SeeInvis .   (weapon currently unavailable)
rCold    . . .     Gourm    .   (shield currently unavailable)
rNeg     . . .     Faith    .   (armour currently unavailable)
rPois    .         Spirit   .   (helmet currently unavailable)
rElec    .         Reflect  .   (cloak currently unavailable)
rCorr    .         Harm     .   (gloves currently unavailable)
MR       +....                  (boots currently unavailable)
Stlth    ..........             (no amulet)
Regen    0.5/turn               (ring currently unavailable)
MPRegen  0.2/turn               (ring currently unavailable)

@: berserking (expiring), pig-form, very quick
A: (retaliatory headbutt)
a: Berserk, Trog's Hand, Brothers in Arms, Burn Spellbooks, Renounce Religion


You were on level 4 of the Lair of Beasts.
You worshipped Trog.
Trog was exalted by your worship.
You were hungry.
You were a filthy swine.
You visited 2 branches of the dungeon, and saw 15 of its levels.
You visited the Abyss 1 time.
You also visited: Ice Cave.

You collected 1292 gold pieces.
You spent 232 gold pieces at shops.

Inventory:

Hand Weapons
 a - a +4 hand axe of freezing
 f - a +3 longbow of flaming
 z - a +3 shortbow of velocity (melded)
 K - a +0 battleaxe of freezing
Missiles
 j - 149 arrows (quivered)
Armour
 b - a +2 cloak (melded)
 n - a scarf of repulsion
 p - a +4 chain mail of cold resistance (melded)
 H - a +2 pair of boots of flying (melded)
 J - a +2 plate armour of fire resistance
 T - a +0 hat (melded)
Jewellery
 G - a ring of protection from cold (melded)
Wands
 m - a wand of iceblast (5/15)
 r - a wand of paralysis (14/24)
 A - a wand of acid (3/15)
 C - a wand of confusion (48/48)
 E - a wand of disintegration (12/24)
 N - a wand of paralysis (13/24)
 Q - a wand of paralysis (13/24)
 U - a wand of disintegration (5/24)
 Y - a wand of paralysis (12/24)
Scrolls
 d - 4 scrolls of identify
 g - 7 scrolls of enchant armour
 h - a scroll of blinking
 o - 7 scrolls of remove curse
 s - 4 scrolls of recharging
 t - 2 scrolls of random uselessness
 u - a scroll of immolation {unknown}
 x - 2 scrolls of fear
 y - 4 scrolls of teleportation
 F - 2 scrolls of magic mapping
 I - 2 scrolls of fog {unknown}
 M - 3 scrolls of enchant weapon {unknown}
 S - a scroll of summoning {unknown}
 W - a scroll of brand weapon {unknown}
Potions
 e - a potion of resistance
 i - 4 potions of heal wounds
 k - 3 potions of magic
 l - 7 potions of curing
 q - 3 potions of cancellation
 v - a potion of agility
 w - 3 potions of haste
 B - a potion of mutation {unknown}
 L - a potion of ambrosia {unknown}
 R - a potion of flight {unknown}
 X - a potion of berserk rage {unknown}
Comestibles
 c - 8 bread rations
 D - 5 royal jellies
 O - 3 meat rations
 P - 8 fruits


   Skills:
 + Level 13.8 Fighting
 + Level 14.2 Axes
 + Level 14.3 Bows
 + Level 13.6 Armour
 + Level 5.3 Dodging
 + Level 4.2 Stealth


You had 13 spell levels left.
You didn't know any spells.

Dungeon Overview and Level Annotations

Branches:
Dungeon (11/15)            Temple (0/1) D:7            Lair (4/6) D:11
 Shoals (0/4) Lair:3        Snake (0/4) Lair:2          Orc (0/2) D:10

Altars:
Cheibriados
Dithmenos
Elyvilon
Gozag
Makhleb
Nemelex Xobeh
Okawaru
Qazlal
Sif Muna
Uskayaw
Vehumet
Zin
The Shining One

Shops:
D:6 %   D:7 **   D:8 *   D:11 (

Annotations:
Lair:4 Kirke


Innate Abilities, Weirdness & Mutations

((You reflexively headbutt those who attack you in melee.))
((You have a pair of horns on your head.))


Message History

Kirke is almost dead.
Kirke gestures at you while chanting.
You struggle to resist.
The hog completely misses you.
You hit Kirke.
Kirke is almost dead.
The lindwurm breathes flames at you. The blast of flame hits you!
You closely miss Kirke.
Kirke is almost dead.
The hog completely misses you. Kirke hits you!
* * * LOW HITPOINT WARNING * * *
You bite Kirke!
Kirke is almost dead.
The lindwurm breathes flames at you. The blast of flame hits you!
* * * LOW HITPOINT WARNING * * *
The lindwurm misses you. The lindwurm claws you.
* * * LOW HITPOINT WARNING * * *
The lindwurm closely misses you. The hog bites you!
You die...

..#.........##.......(#........#
.......(.....##..PP............#
....÷.).....................##P#
...........................#####
.........................[##
..........................#
.........................##
...............@k.......#.
[.#.##........(hh#.#..####
#.###.#.....†((k##..### ###
#......((######## ##.....(.#
#........# ##......P# ...


You could see Kirke, 2 lindwurms and a hog.

Vanquished Creatures
  Gastronok (Lair:2)
  A frost giant (IceCv)
  A dire elephant (Lair:3)
  Harold (Lair:3)
  Erolcha (D:9)
  3 hydras (Lair:3)
  A catoblepas (Lair:3)
  3 two-headed ogres
  A hell hog (Abyss:1)
  2 death yaks (IceCv)
  Sonja (Lair:3)
  An unseen horror (D:10)
  2 flayed ghosts (D:10)
  A sea snake (Lair:3)
  An ugly thing (D:10)
  4 merfolk sirens (Lair:3)
  An ice statue (IceCv)
  15 elephants
  A centaur skeleton (D:11)
  A torpor snail (Lair:3)
  A smoke demon (Abyss:1)
  A gargoyle (D:10)
  4 black mambas
  6 spiny frogs
  3 komodo dragons
  4 rime drakes
  6 polar bears (IceCv)
  3 trolls (D:9)
  3 dream sheep (Lair:3)
  A small abomination (Abyss:1)
  4 hippogriffs
  3 blink frogs (Lair:4)
  A shadow (D:11)
  3 humans (D:7)
  A wraith (D:10)
  39 yaks
  A ynoxinul (Abyss:2)
  4 hogs
  6 wyverns
  Grum (D:9)
  3 basilisks (Lair:1)
  2 hungry ghosts (D:9)
  A naga (Lair:2)
  A water moccasin (Lair:3)
  7 porcupines
  4 hell hounds (Abyss:1)
  3 sky beasts
  5 orc warriors
  5 ice beasts
  7 ogres
  8 crocodiles
  25 wolves
  6 centaurs
  Blork the orc (D:5)
  2 big kobolds (D:11)
  9 bullfrogs
  A scorpion (D:7)
  4 killer bees (D:11)
  20 wights
  A howler monkey (D:8)
  7 electric eels
  9 crimson imps
  Crazy Yiuf (D:5)
  A centaur zombie (D:4)
  6 hounds
  12 orc priests
  An iron imp (Abyss:1)
  A jelly (D:8)
  10 orc wizards
  4 bullfrog skeletons
  A gnoll shaman (D:6)
  Terence (D:2)
  15 worker ants
  3 iguanas
  A hound skeleton (D:10)
  A hound zombie (D:5)
  2 howler monkey zombies
  A worker ant zombie (D:9)
  A howler monkey skeleton (D:8)
  12 gnolls (D:6)
  5 adders
  12 white imps (Lair:1)
  4 oozes
  2 adder zombies
  3 worms
  3 adder skeletons
  3 dart slugs
  4 leopard geckos
  42 orcs
  8 giant cockroaches
  12 goblins
  4 hobgoblins
  10 jackals
  8 quokkas
  2 ball pythons
  12 bats
  6 frilled lizards
  A jackal skeleton (D:6)
  15 kobolds
  A quokka skeleton (D:7)
  10 rats
  A bush (Lair:3)
  2 fungi
513 creatures vanquished.

Vanquished Creatures (collateral kills)
  A death yak (IceCv)
  3 polar bears (IceCv)
  5 yaks (IceCv)
  A wolf (IceCv)
10 creatures vanquished.

Vanquished Creatures (others)
  A small abomination (Abyss:2)
  A bullfrog (Lair:3)
  5 fungi
  A lurking horror (Abyss:2)
  14 plants
  8 toadstools (Lair:3)
30 creatures vanquished.

Grand Total: 553 creatures vanquished

Notes
Turn   | Place    | Note
-------+----------+-------------------------------------------
     0 | D:1      | nikopol the Minotaur Berserker began the quest for the Orb.
     0 | D:1      | Reached XP level 1. HP: 19/19 MP: 0/0
    94 | D:1      | Reached XP level 2. HP: 13/27 MP: 1/1
   550 | D:1      | Reached XP level 3. HP: 29/33 MP: 2/2
   595 | D:1      | Reached ** piety under Trog
  1074 | D:2      | Noticed Terence
  1086 | D:2      | Killed Terence
  1086 | D:2      | Reached XP level 4. HP: 41/41 MP: 3/3
  1230 | D:2      | Reached skill level 5 in Axes
  1304 | D:2      | Reached skill level 1 in Stealth
  1582 | D:2      | Found a sparkling altar of Nemelex Xobeh.
  1691 | D:3      | Reached *** piety under Trog
  1757 | D:3      | Reached XP level 5. HP: 46/47 MP: 4/4
  2127 | D:3      | Found a sparkling altar of Nemelex Xobeh.
  2372 | D:4      | Reached skill level 5 in Fighting
  2531 | D:4      | Reached XP level 6. HP: 56/56 MP: 5/5
  3666 | D:5      | Entered Level 5 of the Dungeon
  3759 | D:5      | Noticed a sky beast
  3770 | D:5      | Killed a sky beast
  3770 | D:5      | Reached XP level 7. HP: 52/61 MP: 6/6
  3788 | D:5      | Found a stormy altar of Qazlal.
  4086 | D:5      | Noticed Blork the orc
  4093 | D:5      | Killed Blork the orc
  4324 | D:5      | Found a runed door.
  4328 | D:5      | Noticed Crazy Yiuf
  4331 | D:5      | Killed Crazy Yiuf
  4331 | D:5      | Reached **** piety under Trog
  4405 | D:6      | HP: 2/63 [electric eel/bolt of electricity (10)]
  4753 | D:6      | Reached skill level 5 in Armour
  4982 | D:6      | Reached XP level 8. HP: 70/70 MP: 7/7
  5051 | D:6      | Found a burning altar of Makhleb.
  5095 | D:6      | Found Fumokya's Food Shoppe.
  8109 | D:7      | Found an iron altar of Okawaru.
  8126 | D:7      | Reached skill level 10 in Axes
  8135 | D:7      | Reached XP level 9. HP: 53/78 MP: 8/8
  8143 | D:7      | Reached ***** piety under Trog
  8406 | D:7      | Found a glowing silver altar of Zin.
  8407 | D:7      | Found Zin's Purification Station.
  8570 | D:7      | Found Ditsixoj's Assorted Antiques.
  8577 | D:7      | Bought a pair of embroidered boots for 232 gold pieces
  8763 | D:7      | Reached skill level 1 in Bows
  9148 | D:7      | Found a radiant altar of Vehumet.
  9148 | D:7      | Found an opulent altar of Gozag.
  9157 | D:7      | Reached skill level 10 in Armour
  9339 | D:7      | Found a staircase to the Ecumenical Temple.
  9422 | D:8      | Found Naduw's Wicked Wares.
  9422 | D:8      | Found a burning altar of Makhleb.
  9428 | D:8      | Reached XP level 10. HP: 84/88 MP: 9/9
  9779 | D:8      | Noticed a two-headed ogre
  9787 | D:8      | Killed a two-headed ogre
  9787 | D:8      | Reached skill level 5 in Bows
  9805 | D:8      | Received a gift from Trog
  9876 | D:8      | Found a snail-covered altar of Cheibriados.
 10126 | D:8      | Found a white marble altar of Elyvilon.
 10126 | D:8      | Found a deep blue altar of Sif Muna.
 10844 | D:9      | Noticed Erolcha
 10846 | D:9      | Cast into level 1 of the Abyss (Erolcha)
 10916 | Abyss:1  | Noticed a smoke demon
 10927 | Abyss:1  | Killed a smoke demon
 10957 | Abyss:1  | Noticed a hell hog
 10958 | Abyss:1  | Noticed a hellephant
 10965 | Abyss:1  | Killed a hell hog
 10968 | Abyss:1  | HP: 1/136 [hellephant (10)]
 11038 | D:9      | Escaped the Abyss
 11041 | D:9      | Reached XP level 11. HP: 18/97 MP: 10/10
 11048 | D:9      | Killed Erolcha
 11371 | D:9      | Found an opulent altar of Gozag.
 11521 | D:9      | Noticed Grum
 11546 | D:9      | Killed Grum
 11681 | D:9      | Found a shadowy altar of Dithmenos.
 11736 | D:9      | Noticed a two-headed ogre
 11745 | D:9      | Found a glowing golden altar of the Shining One.
 11951 | D:9      | Killed a two-headed ogre
 12354 | D:10     | Entered Level 10 of the Dungeon
 12367 | D:10     | Found a staircase to the Orcish Mines.
 12451 | D:10     | Reached skill level 10 in Fighting
 12470 | D:10     | Received a gift from Trog
 12478 | D:10     | Noticed a two-headed ogre
 12485 | D:10     | Killed a two-headed ogre
 12541 | D:10     | Noticed a cyan ugly thing
 12618 | D:10     | Killed an unseen horror
 12790 | D:10     | Found a large runed door.
 12791 | D:10     | Found a large runed door.
 13309 | D:10     | You are sucked into a shaft!
 13407 | D:10     | Killed a cyan ugly thing
 13787 | D:10     | Found a hide-covered altar of Uskayaw.
 13787 | D:10     | Noticed a flayed ghost
 13797 | D:10     | Killed a flayed ghost
 13797 | D:10     | Reached skill level 10 in Bows
 13797 | D:10     | Reached XP level 12. HP: 107/107 MP: 11/11
 13857 | D:10     | Found a white marble altar of Elyvilon.
 13864 | D:10     | Received a gift from Trog
 13965 | D:11     | Found Plog's Antique Weapon Boutique.
 13989 | D:11     | Found a staircase to the Lair.
 14793 | Lair:1   | Entered Level 1 of the Lair of Beasts
 14877 | Lair:1   | Found a frozen archway.
 14898 | IceCv    | Entered an ice cave
 15306 | IceCv    | Reached ****** piety under Trog
 15327 | IceCv    | Received a gift from Trog
 15777 | IceCv    | Noticed a death yak
 15792 | IceCv    | Killed a death yak
 15792 | IceCv    | Received a gift from Trog
 15876 | IceCv    | Noticed a death yak
 15876 | IceCv    | Noticed a frost giant
 15876 | IceCv    | Noticed a death yak
 15899 | IceCv    | Killed a frost giant
 15903 | IceCv    | Killed a death yak
 15907 | IceCv    | Killed a death yak
 16469 | IceCv    | Reached XP level 13. HP: 115/118 MP: 12/12
 17243 | Lair:2   | Received a gift from Trog
 17565 | Lair:2   | Found a staircase to the Snake Pit.
 17689 | Lair:2   | Noticed Sonja
 17773 | Lair:2   | Received a gift from Trog
 18010 | Lair:2   | Noticed Gastronok
 18027 | Lair:2   | Killed Gastronok
 18027 | Lair:2   | Reached skill level 5 in Dodging
 18784 | Lair:3   | Killed Sonja
 18938 | Lair:3   | Noticed Harold
 18991 | Lair:3   | Killed Harold
 19199 | Lair:3   | Found a runed door.
 19558 | Lair:3   | Found a staircase to the Shoals.
 20459 | Lair:3   | Noticed a dire elephant
 20508 | Lair:3   | Killed a dire elephant
 21119 | Lair:3   | Reached XP level 14. HP: 82/129 MP: 13/13
 21433 | Lair:4   | Received a gift from Trog
 21624 | Lair:4   | Found an iron altar of Okawaru.
 21749 | Lair:4   | Noticed Kirke
 21778 | Lair:4   | HP: 9/195 [lindwurm/blast of flame[Kirke] (39)]
 21778 | Lair:4   | HP: 4/195 [lindwurm[Kirke] (5)]
 21778 | Lair:4   | Mangled by a hog

Skill      XL: |  1  2  3  4  5  6  7  8  9 10 11 12 13 14 |
---------------+-------------------------------------------+-----
Fighting       | 4 5 6 7 9 10 12 13 | 13.8
Axes           | 4 5 6 7 8 10 11 12 13 14 | 14.2
Stealth        | 1 3 4 |  4.2
Dodging        | 3 4 5 |  5.3
Armour         | 3 5 8 10 11 12 13 | 13.6
Bows           | 3 7 10 11 14 | 14.3

Action                   |  1- 3 |  4- 6 |  7- 9 | 10-12 | 13-15 || total
-------------------------+-------+-------+-------+-------+-------++-------
Melee: Hand axe          |    75 |   162 |   295 |   548 |   239 ||  1319
       Headbutt          |     6 |    31 |    52 |   126 |    70 ||   285
       Unarmed           |       |       |       |       |    17 ||    17
 Fire: Shortbow          |       |       |    50 |   352 |   482 ||   884
Invok: Berserk           |     2 |       |     3 |     5 |     2 ||    12
       Trog's Hand       |       |       |       |     2 |       ||     2
       Burn Spellbooks   |       |       |       |     1 |     4 ||     5
       Brothers in Arms  |       |       |       |     2 |       ||     2
  Use: Scroll            |       |       |     4 |    17 |     1 ||    22
 Stab: Distracted        |     1 |       |       |       |       ||     1
       Sleeping          |     1 |       |       |       |       ||     1
       Petrified         |       |       |       |       |    15 ||    15
       Petrifying        |       |       |       |       |     2 ||     2
  Eat: Chunk             |     2 |     6 |    21 |    21 |    18 ||    68
       Fruit             |       |     2 |     1 |     1 |       ||     4
       Meat ration       |       |       |       |     1 |       ||     1
       Royal jelly       |       |       |       |     1 |       ||     1
Armor: Animal skin       |    21 |       |       |       |       ||    21
       Chain mail        |       |    81 |    99 |   292 |   124 ||   596
Dodge: Dodged            |    54 |    54 |    96 |   213 |    90 ||   507
       Deflected         |       |     1 |     2 |     5 |       ||     8
